 Dungeon Crawl Stone Soup version 0.29-a0-1027-gcd8c55af63 (webtiles) character file.

Game seed: 9410332868443884281

5872 greenreed the Cleaver (level 10, 0/86 HPs)
             Began as a Minotaur Monk on Aug 12, 2022.
             Was a Priest of Makhleb.
             Slain by a vampire mosquito (3 damage)
             ... on level 10 of the Dungeon.
             The game lasted 00:22:52 (9432 turns).

greenreed the Cleaver (Minotaur Monk)               Turns: 9432, Time: 00:22:52

Health: 0/86       AC:  6    Str: 25    XL:     10   Next: 52%
Magic:  5/5        EV: 14    Int:  7    God:    Makhleb [***...]
Gold:   592        SH:  0    Dex: 15    Spells: 9/9 levels left

rFire   + . .      SeeInvis .   v - +7 hand axe of Qazlal's Regard {antimagic, rF- Will+ Str+4 Dex+3}
rCold   + + .      Faith    .   (no shield)
rNeg    . . .      Spirit   .   j - +1 leather armour {rF+}
rPois   .          Reflect  .   (helmet restricted)
rElec   .          Harm     .   l - scarf {rC+ rF+}
rCorr   .          Rampage  .   q - +0 pair of gloves
Will    +....                   (no boots)
Stlth   +++.......              (no amulet)
HPRegen 0.24/turn               A - ring of flight
MPRegen 0.09/turn               L - ring of protection from cold

@: flying, studying Staves
A: horns 2, retaliatory headbutt
a: Renounce Religion, Minor Destruction, Lesser Servant of Makhleb


You were on level 10 of the Dungeon.
You worshipped Makhleb.
Makhleb was most pleased with you.
You visited 1 branch of the dungeon, and saw 10 of its levels.

You collected 592 gold pieces.

Inventory:

Hand Weapons
 a - a +0 mace
 v - the +7 hand axe of Qazlal's Regard (weapon) {antimagic, rF- Will+ Str+4 Dex+3}
   (You found it on level 5 of the Dungeon)

   It reduces the magical energy of the wielder, and disrupts the spells and
   magical abilities of those it strikes.
   Natural abilities and divine invocations are not affected.
   Str:       It affects your strength (+4).
   Dex:       It affects your dexterity (+3).
   rF:        It makes you vulnerable to fire.
   Will:      It increases your willpower.
 G - the +7 long sword of Past Mistakes {antimagic, +Blink rF+ Dex+5}
   (You found it on level 7 of the Dungeon)

   It reduces the magical energy of the wielder, and disrupts the spells and
   magical abilities of those it strikes.
   Natural abilities and divine invocations are not affected.
   Dex:       It affects your dexterity (+5).
   rF:        It protects you from fire.
   +Blink:    It lets you blink.
Missiles
 f - 3 atropa-tipped darts
 m - 18 poisoned darts
 M - 2 throwing nets
Armour
 b - a +0 robe
 j - a +1 leather armour of fire resistance (worn)
 l - a scarf of resistance (worn)
 q - a +0 pair of gloves (worn)
 C - the +3 leather armour of Foolhardiness {Drain Regen+ Slay-4 Stlth+}
   (You found it on level 4 of the Dungeon)

   Slay:      It affects your accuracy & damage with ranged weapons and melee
   (-4).
   Regen:     It increases your rate of health regeneration.
   Drain:     It drains your maximum health when unequipped.
   Stlth:     It makes you more stealthy.
 J - the +1 leather armour "Put-Me-On" {rF- rN++ Dex+4 SInv}
   (You found it on level 7 of the Dungeon)

   Dex:       It affects your dexterity (+4).
   rF:        It makes you vulnerable to fire.
   rN:        It greatly protects you from negative energy.
   SInv:      It lets you see invisible.
Jewellery
 A - a ring of flight (left hand)
 L - a ring of protection from cold (right hand)
 O - a ring of poison resistance
Wands
 s - a wand of paralysis (5)
 F - a wand of polymorph (1)
 H - a wand of iceblast (14)
Scrolls
 d - 3 scrolls of fear
 i - 4 scrolls of enchant weapon
 k - 3 scrolls of butterflies
 o - a scroll of poison {unknown}
 p - 5 scrolls of immolation
 r - a scroll of acquirement {unknown}
 w - 2 scrolls of teleportation
 y - a scroll of silence {unknown}
 B - 3 scrolls of noise
 K - a scroll of blinking {unknown}
 N - a scroll of vulnerability {unknown}
Potions
 c - 3 potions of ambrosia
 e - 3 potions of heal wounds
 g - a potion of lignification {unknown}
 h - 3 potions of attraction
 n - 6 potions of curing
 t - 2 potions of invisibility
 u - 4 potions of mutation
 x - 2 potions of brilliance {unknown}
 z - 2 potions of haste
 D - a potion of flight {unknown}
 E - 2 potions of resistance
 I - 2 potions of degeneration {unknown}


   Skills:
 + Level 7.6 Fighting
 + Level 9.6(10.4) Axes
 + Level 5.9(8.5) Maces & Flails
 + Level 5.5 Armour
 + Level 6.1 Dodging
 + Level 4.6 Stealth
 * Level 8.4 Invocations


You had 9 spell levels left.
You didn't know any spells.
Your spell library contained the following spells:

 Spells                   Type           Power      Damage    Failure   Level
 Magic Dart               Conj           0%         1d3       45%         1
 Call Imp                 Summ           0%         N/A       61%         2
 Searing Ray              Conj           0%         2d4       61%         2
 Mephitic Cloud           Conj/Pois/Air  0%         N/A       83%         3
 Stone Arrow              Conj/Erth      0%         3d7       83%         3
 Fulminant Prism          Conj/Hex       0%         3d6       99%         4
 Fireball                 Conj/Fire      0%         3d3       100%        5
 Haunt                    Necr/Summ      0%         N/A       100%        7


Dungeon Overview and Level Annotations

Branches:
Dungeon (10/15)            Temple (0/1) D:7
   Lair: D:8-11         Orc: D:9-12

Altars:
Ashenzari
Cheibriados
Dithmenos
Fedhas
Gozag
Hepliaklqana
Kikubaaqudgha
Makhleb
Nemelex Xobeh
Okawaru
Ru
Trog
Vehumet
Xom
Zin

Shops:
D:6 (   D:10 [


Innate Abilities, Weirdness & Mutations

You have a pair of horns on your head.
You reflexively headbutt those who attack you in melee.


Message History

Something barely misses your hellwing.
The vampire mosquito bites your hellwing.
Something barely misses your hellwing.
The vampire mosquito barely misses your hellwing.
Your hellwing closely misses the vampire mosquito.
Your hellwing hits the vampire mosquito!
Something closely misses your hellwing.
The vampire mosquito bites your hellwing.
Something bites your hellwing but does no damage.
The vampire mosquito barely misses your hellwing.
Your hellwing closely misses the vampire mosquito.
Your hellwing hits the vampire mosquito!
The vampire mosquito is destroyed!
Makhleb accepts your kill.
The vampire mosquito misses your hellwing.
The vampire mosquito bites your hellwing but does no damage.
Your hellwing barely misses the vampire mosquito.
Your hellwing hits the vampire mosquito but does no damage.
Something bites your hellwing! The wight barely misses your hellwing.
Something bites your hellwing.
Your hellwing dies!
Your hellwing disappears in a puff of smoke!
A demon appears!
The vampire mosquito barely misses you.
The vampire mosquito attacks as you move away!
The vampire mosquito bites you but does no damage.
Your smoke demon hits the wight.
Your smoke demon closely misses the wight.
Your smoke demon hits the wight but does no damage.
Okay, then.
The vampire mosquito attacks as you move away!
The vampire mosquito bites you but does no damage.
Found a scroll of enchant weapon.
The vampire mosquito closely misses you.
You furiously retaliate!
You headbutt the vampire mosquito!
A demon appears!
The vampire mosquito barely misses you. The vampire mosquito bites you!
* * * LOW HITPOINT WARNING * * *
The vampire mosquito draws strength from your injuries!
The vampire mosquito bites you.
You die...

# .# #..#
##...##
######.....?.
#zz.y@3#
####.######
#.<3z.#
.......###..#
../.... 8....
#######
.....# ..>..#
......#
∩...8..


You could see a vampire mosquito (ally target), 2 wights and a friendly ynoxinul
(summoned).

Vanquished Creatures
  A two-headed ogre (D:8)
  Psyche (D:9)
  A hornet (D:9)
  Grinder (D:6)
  3 humans (D:8)
  5 yaks (D:9)
  2 steam dragons (D:7)
  A vampire mosquito (D:10)
  2 water moccasins
  2 black bears (D:4)
  2 ogres (D:5)
  2 centaurs
  A phantom (D:6)
  2 kobold brigands (D:7)
  Blork the orc (D:4)
  2 necrophages
  2 scorpions
  5 bullfrogs
  2 howler monkeys (D:9)
  8 hounds
  An orc priest (D:5)
  12 orc wizards
  2 iguanas
  A hound skeleton (D:6)
  Robin (D:3)
  4 gnolls (D:4)
  3 adders
  A shadow imp (D:7)
  3 white imps
  2 ufetubi (D:5)
  2 worms
  2 dart slugs
  26 orcs
  6 bats
  6 endoplasms
  6 giant cockroaches
  13 goblins
  8 hobgoblins
  4 jackals (D:5)
  7 quokkas
  6 ball pythons
  2 frilled lizards (D:1)
  18 kobolds
  3 rats (D:2)
185 creatures vanquished.

Vanquished Creatures (collateral kills)
  2 yaks (D:9)
  2 vampire mosquitoes (D:10)
  A wight (D:10)
5 creatures vanquished.

Vanquished Creatures (others)
  A phantom (D:7)
1 creature vanquished.

Grand Total: 191 creatures vanquished

Notes
Turn   | Place    | Note
-------+----------+-------------------------------------------
     0 | D:1      | greenreed the Minotaur Monk began the quest for the Orb.
     0 | D:1      | Reached XP level 1. HP: 19/19 MP: 0/0
   459 | D:1      | Reached XP level 2. HP: 27/27 MP: 1/1
   838 | D:1      | Reached XP level 3. HP: 33/33 MP: 2/2
  1775 | D:3      | Reached skill level 1 in Armour
  1775 | D:3      | Reached XP level 4. HP: 34/40 MP: 3/3
  1909 | D:3      | Noticed Robin
  1924 | D:3      | Killed Robin
  2121 | D:3      | You fall into a shaft and drop 2 floors!
  2121 | D:5      | Entered Level 5 of the Dungeon
  2132 | D:5      | Noticed an ogre
  2205 | D:5      | Found a sacrificial altar of Ru.
  2274 | D:5      | Noticed a necrophage
  2290 | D:5      | Identified the +7 hand axe of Qazlal's Regard {antimagic,
                  | rF- Will+ Str+4 Dex+3}
  2295 | D:5      | Killed a necrophage
  2296 | D:5      | Reached skill level 5 in Maces & Flails
  2296 | D:5      | Reached XP level 5. HP: 20/47 MP: 1/4
  2477 | D:5      | Noticed a water moccasin
  2486 | D:5      | Killed a water moccasin
  2487 | D:5      | Reached XP level 6. HP: 14/53 MP: 1/5
  2829 | D:5      | Found a blossoming altar of Fedhas.
  3053 | D:5      | Reached skill level 1 in Axes
  3055 | D:5      | Reached skill level 5 in Fighting
  3065 | D:4      | Noticed Blork the orc
  3074 | D:4      | Killed Blork the orc
  3075 | D:4      | Reached skill level 5 in Dodging
  3075 | D:4      | Reached XP level 7. HP: 30/61 MP: 2/6
  3672 | D:4      | Found a radiant altar of Vehumet.
  3686 | D:4      | Reached skill level 2 in Axes
  3702 | D:4      | Got the Discursus on Kinetic Accomplices
  3826 | D:4      | Reached skill level 3 in Axes
  3985 | D:4      | Identified the +3 leather armour of Foolhardiness {Drain
                  | Regen+ Slay-4 Stlth+}
  4009 | D:4      | Reached skill level 4 in Axes
  4182 | D:4      | Found a bloodstained altar of Trog.
  4260 | D:5      | Reached XP level 8. HP: 56/67 MP: 2/7
  4587 | D:5      | Found a snail-covered altar of Cheibriados.
  4848 | D:6      | Reached skill level 5 in Axes
  4903 | D:6      | Noticed Grinder
  4914 | D:6      | Paralysed by Grinder for 2 turns
  4916 | D:6      | Killed Grinder
  5006 | D:6      | Found Ufivof's Weapon Boutique.
  5011 | D:6      | Reached skill level 6 in Axes
  5653 | D:6      | Found a shimmering altar of Xom.
  5705 | D:6      | Found a burning altar of Makhleb.
  5712 | D:6      | Reached skill level 7 in Axes
  5712 | D:6      | Reached skill level 5 in Armour
  5715 | D:6      | Became a worshipper of Makhleb the Destroyer
  5715 | D:6      | Reached * piety under Makhleb
  5715 | D:6      | Reached ** piety under Makhleb
  5837 | D:7      | Identified the +7 long sword of Past Mistakes {antimagic,
                  | +Blink rF+ Dex+5}
  5932 | D:7      | Found a sparkling altar of Nemelex Xobeh.
  5975 | D:7      | Reached XP level 9. HP: 69/78 MP: 2/8
  6209 | D:7      | Reached skill level 8 in Axes
  6209 | D:7      | Reached skill level 1 in Invocations
  6233 | D:7      | Found a staircase to the Ecumenical Temple.
  6701 | D:7      | Found a shadowy altar of Dithmenos.
  6702 | D:7      | Found a hazy altar of Hepliaklqana.
  6734 | D:7      | Found a broken altar of Ashenzari.
  6743 | D:7      | Identified the +1 leather armour "Put-Me-On" {rF- rN++
                  | Dex+4 SInv}
  7377 | D:8      | Noticed a two-headed ogre
  7634 | D:8      | Killed a two-headed ogre
  7635 | D:8      | Reached skill level 5 in Invocations
  7676 | D:8      | Found an iron altar of Okawaru.
  7775 | D:8      | Reached *** piety under Makhleb
  7893 | D:9      | Noticed Psyche
  7904 | D:9      | Killed Psyche
  7905 | D:9      | Reached XP level 10. HP: 58/86 MP: 0/13
  8207 | D:9      | Found a glowing silver altar of Zin.
  8237 | D:9      | Found an ancient bone altar of Kikubaaqudgha.
  8243 | D:9      | Reached skill level 9 in Axes
  8298 | D:9      | HP: 1/86 [yak (8)]
  9021 | D:9      | Found an opulent altar of Gozag.
  9397 | D:10     | Entered Level 10 of the Dungeon
  9414 | D:10     | Found Tagh's Armour Emporium.
  9431 | D:10     | HP: 2/86 [vampire mosquito (8)]
  9432 | D:10     | Slain by a vampire mosquito

Illustrated notes

Levels and vault maps discovered:
D:1:      dpeg_arrival_snail, layout_loops_ring, hex_large, minmay_heptomino_o4
D:2:      layout_basic, nrook_loot_triangle
D:3:      layout_basic, chequers_serial_rivers_large_a, uniq_robin
D:4:      layout_rooms, trog_ov_bears_minmay, nicolae_vehumet_radiance,
          dreamdust_wishing_well, uniq_blork_the_orc
D:5:      layout_basic, slow_altar_2, amcnicky_altar_gilded,
          fedhas_ov_isle_minmay, kennysheep_small_circle
D:6:      layout_loops_cross, makhleb_blood_cavern_becter, kennysheep_mini,
          serial_shops, shop, uniq_grinder
D:7:      layout_loops_ring, riverfiend_overflow_shadow_ancestor,
          overflow_temple_1_default, nemelex_spade_bored_becter,
          minmay_temple_entry_offerings, minivault_26, kennysheep_generic_room_7
D:8:      layout_cave_pools, okawaru_ov_weapons_minmay, minmay_ruffians
D:9:      layout_cave_pods, zin_treasury, mainiacjoe_overflow_small_starburst,
          grunt_gozag_breadcrumbs, serial_column_ruins,
          column_ruins_square_medium, column_ruins_grid_1, column_ruins_grid_2,
          column_ruins_corridor_straight, column_ruins_corridor_straight,
          column_ruins_grid_4, nicolae_kite_square_tiling_tiny, feat_on_display,
          uniq_psyche
D:10:     layout_rooms, erik_lair_orcish_takeover, minmay_strange_pillars,
          nicolae_stop_n_shop_1, nicolae_straight_to_the_point

Skill      XL: |  1  2  3  4  5  6  7  8  9 10 |
---------------+-------------------------------+-----
Maces & Flails | 4 5 |  5.9
Fighting       | 4 5 6 7 |  7.6
Dodging        | 4 5 6 |  6.1
Stealth        | 2 3 4 |  4.6
Armour         | 1 2 3 4 5 |  5.5
Axes           | 1 4 7 8 9 |  9.6
Invocations    | 6 8 |  8.4

Action                   |  1- 3 |  4- 6 |  7- 9 | 10-12 || total
-------------------------+-------+-------+-------+-------++-------
Melee: Mace              |    75 |    38 |       |       ||   113
       Headbutt          |    10 |    14 |    40 |    10 ||    74
       Punch             |     1 |     2 |     1 |     2 ||     6
       Hand axe          |       |    29 |   204 |    46 ||   279
Invok: Minor Destruction |       |       |    39 |    24 ||    63
       Lesser Servant of |       |       |       |     4 ||     4
  Use: Scroll            |       |       |    12 |     1 ||    13
       Potion            |       |       |       |     2 ||     2
 Stab: Sleeping          |     5 |       |     8 |       ||    13
Armor: Leather armour    |    16 |    19 |    37 |    12 ||    84
Dodge: Dodged            |    53 |    58 |   122 |    34 ||   267

Table legend: (Time is in decaauts)
 A = Elapsed time spent in this place.
 B = Non-inter-level travel time spent in this place.
 C = Inter-level travel time spent in this place.
 D = Time resting spent in this place.
 E = Time spent auto-exploring this place.
 F = Levels seen in this place.
 G = Mean time per level.
                   A        B        C        D        E       F      G
               +--------+--------+--------+--------+--------+-----+--------+
         Total |   9418 |   9147 |    271 |    935 |   6868 |  10 |  941.8 |
       Dungeon |   9418 |   9147 |    271 |    935 |   6868 |  10 |  941.8 |
               +--------+--------+--------+--------+--------+-----+--------+

Top non-repeatable levels by time:
     D:5: 1553 daAuts
     D:9: 1484 daAuts
     D:1: 1115 daAuts
     D:7: 1093 daAuts
     D:6: 987 daAuts
     D:8: 954 daAuts
     D:3: 791 daAuts
     D:4: 737 daAuts
     D:2: 668 daAuts
    D:10: 33 daAuts
